 Dungeon Crawl Stone Soup version 0.30-a0-1018-g25214051b3 (webtiles) character file.

Game seed: 7303578118652191647

6 gelatine the Chopper (level 1, 0/16 HPs)
             Began as a Demonspawn Gladiator on Apr 8, 2023.
             Slain by a gnoll
             ... wielding a +0 club
              (6 damage)
             ... on level 1 of the Dungeon.
             The game lasted 00:00:24 (114 turns).

gelatine the Chopper (Demonspawn Gladiator)          Turns: 114, Time: 00:00:24

Health: 0/16       AC:  4    Str: 14    XL:     1   Next: 75%
Magic:  1/1        EV: 12    Int:  9    God:
Gold:   11         SH:  0    Dex: 14    Spells: 0/0 levels left

rFire   . . .      SeeInvis .    a - +0 war axe
rCold   . . .      Faith    .    (no shield)
rNeg    . . .      Spirit   .    b - +0 leather armour
rPois   .          Reflect  .    c - +0 helmet
rElec   .          Rampage  .    (no cloak)
rCorr   .                        (no gloves)
Will    .....                    (no boots)
Stlth   +                        (no amulet)
HPRegen 0.22/turn                (no ring)
MPRegen 0.07/turn                (no ring)

@: no status effects
A: no striking features
a: no special abilities


You were on level 1 of the Dungeon.
You visited 1 branch of the dungeon, and saw 1 of its levels.

You collected 11 gold pieces.

Inventory:

Hand Weapons
 a - a +0 war axe (weapon)
Missiles
 d - 3 throwing nets (quivered)
 e - a javelin
Armour
 b - a +0 leather armour (worn)
 c - a +0 helmet (worn)


   Skills:
 + Level 2.0 Fighting
 + Level 2.9 Axes
 + Level 1.9 Throwing
 + Level 2.7 Dodging


You couldn't memorise any spells.
You didn't know any spells.
Your spell library was empty.

Dungeon Overview and Level Annotations

Branches:
Dungeon (1/15)

Altars:


Message History

The kobold hits you with a +0 dagger.
An endoplasm comes into view.
You closely miss the kobold.
The endoplasm quivers.
A gnoll comes into view. It is wielding a +0 club.
The kobold hits you with a +0 dagger. The kobold hits you but does no damage.
The gnoll shouts!
You slash the kobold!
You kill the kobold!
The ball python attacks as you move away!
The ball python bites you.
* * * LOW HITPOINT WARNING * * *
Things that are here:
a +0 dagger; 4 stones You barely miss the ball python.
The ball python closely misses you. The ball python grabs you.
The ball python constricts you. The ball python barely misses you.
The ball python constricts you.
* * * LOW HITPOINT WARNING * * *
You escape the ball python's grasp.
The ball python attacks as you move away!
The ball python barely misses you. x2
It was a potion of cancellation.
You feel magically purged. The ball python closely misses you.
The ball python grabs you. The ball python constricts you.
You completely miss the ball python. The ball python closely misses you.
The ball python constricts you.
The ball python bites you but does no damage.
The ball python constricts you.
You slash the ball python!
You kill the ball python!
You barely miss the frilled lizard. The frilled lizard barely misses you.
You barely miss the frilled lizard. The frilled lizard closely misses you.
The frilled lizard bites you but does no damage.
You slash the frilled lizard!
You kill the frilled lizard!
You closely miss the gnoll. The gnoll hits you but does no damage.
You barely miss the gnoll. The gnoll closely misses you. x2
You closely miss the gnoll. The gnoll closely misses you.
You closely miss the gnoll. The gnoll hits you with a +0 club.
You die...

#..###..##.# ...# #..##.#
#..# #. ##.# #..# +. #.####
#..# #. #....######
##.#######......$..#####
.........#....##J.†J...###.
...#############g#)S.......
..## ######## #@#####.###.
.######......# #.# ..
....†...####.# #.# ##
#####....# #.# #.#
#......#.# #.. #########.#
### ##.## ##.# ##...##
#..#####.. ##..[..##
#.........


You could see a gnoll and an endoplasm.

Vanquished Creatures
  2 ball pythons (D:1)
  A giant cockroach (D:1)
  A frilled lizard (D:1)
  A kobold (D:1)
  A rat (D:1)
6 creatures vanquished.

Notes
Turn   | Place    | Note
-------+----------+-------------------------------------------
     0 | D:1      | gelatine the Demonspawn Gladiator began the quest for the
                  | Orb.
     0 | D:1      | Reached XP level 1. HP: 16/16 MP: 1/1
   114 | D:1      | Slain by a gnoll

Illustrated notes

Levels and vault maps discovered:
D:1:      mrwooster_arrival_arrow, layout_loops_cross,
          shapermc_ecumenical_altar_mp_vishouse

Action                     || total
---------------------------++-------
  Melee: War axe           ||    26
    Use: Potion            ||     1
 Armour: Leather armour    ||    16
  Dodge: Dodged            ||    17

Table legend: (Time is in decaauts)
 A = Elapsed time spent in this place.
 B = Non-inter-level travel time spent in this place.
 C = Inter-level travel time spent in this place.
 D = Time resting spent in this place.
 E = Time spent auto-exploring this place.
 F = Levels seen in this place.
 G = Mean time per level.
                   A        B        C        D        E       F      G
               +--------+--------+--------+--------+--------+-----+--------+
         Total |    122 |    122 |      0 |      0 |     69 |   1 |  122.0 |
       Dungeon |    122 |    122 |      0 |      0 |     69 |   1 |  122.0 |
               +--------+--------+--------+--------+--------+-----+--------+

Top non-repeatable levels by time:
     D:1: 122 daAuts
